 Dungeon Crawl Stone Soup version 0.28.0 (webtiles) character file.

Game seed: 2500111701061833081

31 Sanktem7 the Covered (level 3, 0/33 HPs)
             Began as a Minotaur Fighter on Feb 9, 2022.
             Slain by Crazy Yiuf (10 damage)
             ... on level 2 of the Dungeon.
             The game lasted 00:02:07 (1192 turns).

Sanktem7 the Covered (Minotaur Fighter)             Turns: 1192, Time: 00:02:07

Health: 0/33       AC:  7    Str: 22    XL:     3   Next: 7%
Magic:  2/2        EV:  9    Int:  5    God:
Gold:   17         SH:  4    Dex:  9    Spells: 2/2 levels left

rFire   . . .      SeeInvis .   a - +0 long sword
rCold   . . .      Faith    .   c - +0 buckler
rNeg    . . .      Spirit   .   b - +0 scale mail
rPois   .          Reflect  .   (helmet restricted)
rElec   .          Harm     .   (no cloak)
rCorr   .          Rampage  .   (no gloves)
Will    .....                   (no boots)
Stlth   ..........              (no amulet)
HPRegen 0.11/turn               (no ring)
MPRegen 0.08/turn               (no ring)

@: lethally poisoned (0 -> -12)
A: horns 2, retaliatory headbutt
a: no special abilities


You were on level 2 of the Dungeon.
You visited 1 branch of the dungeon, and saw 2 of its levels.

You collected 17 gold pieces.

Inventory:

Hand Weapons
 a - a +0 long sword (weapon)
Missiles
 h - a throwing net (quivered)
Armour
 b - a +0 scale mail (worn)
 c - a +0 buckler (worn)
Jewellery
 e - a ring of protection from fire
 f - an amulet of regeneration
Scrolls
 j - a scroll of torment {unknown}
 l - a scroll of identify {unknown}
Potions
 d - a potion of might
 g - 2 potions of degeneration {unknown}
 i - a potion of magic {unknown}
 k - a potion of brilliance {unknown}


   Skills:
 * Level 4.1 Fighting
 * Level 3.1 Long Blades
 * Level 4.3 Armour
 - Level 3.6 Shields


You had 2 spell levels left.
You didn't know any spells.
Your spell library was empty.

Dungeon Overview and Level Annotations

Branches:
Dungeon (2/15)

Altars:

Annotations:
D:2 Crazy Yiuf


Innate Abilities, Weirdness & Mutations

You have a pair of horns on your head.
You reflexively headbutt those who attack you in melee.


Message History

The rat is severely wounded.
The rat bites you but does no damage.
A rat is nearby!
You hit the rat.
You kill the rat!
Found a stone staircase leading up.
You see here a rat corpse.
An endoplasm comes into view.
The endoplasm quivers.
An endoplasm is nearby!
An endoplasm is nearby!
An endoplasm is nearby!
The endoplasm freezes you.
You are frozen.
You slash the endoplasm!
You kill the endoplasm!
Found a mace.
Found a mace.
You see here a +0 mace.
Found four maces.
Found a runed translucent door.
You see here a +0 mace.
Found a mace.
Crazy Yiuf shouts!
You see here a +0 mace.
Found two maces and a runed mace.
You see here a +0 mace.
You open the door. You hit Crazy Yiuf but do no damage.
Your headbutt misses Crazy Yiuf.
Crazy Yiuf glowers.
Crazy Yiuf hits you but does no damage.
You slash Crazy Yiuf! Your headbutt misses Crazy Yiuf.
Crazy Yiuf is heavily wounded.
Crazy Yiuf sings, "Trees, trees, trees, circus!"
Crazy Yiuf hits you with a +4 quarterstaff of chaos.
You are poisoned.
You hit Crazy Yiuf.
Crazy Yiuf is severely wounded.
You feel very sick.
Crazy Yiuf hits you with a +4 quarterstaff of chaos! x2
You die...

##### #).)# ###
#)))# #.< ).. #.# #
#g# ##.#### .# ##@#
###.....# .# #)##
#....##.##.# ##.#
###.†##..... #)##
#....>.....# ##)##
#.###.#..### #...##
#.###.#..... #....#
#.#......... #....#
#.....##....
##..#####.....##....


You could see Crazy Yiuf.

Vanquished Creatures
  A dart slug (D:2)
  3 endoplasms (D:2)
  A giant cockroach (D:1)
  2 goblins
  4 hobgoblins
  3 quokkas
  3 bats (D:1)
  3 frilled lizards (D:1)
  4 kobolds
  4 rats
28 creatures vanquished.

Notes
Turn   | Place    | Note
-------+----------+-------------------------------------------
     0 | D:1      | Sanktem7 the Minotaur Fighter began the quest for the Orb.
     0 | D:1      | Reached XP level 1. HP: 19/19 MP: 0/0
   249 | D:1      | Reached XP level 2. HP: 25/27 MP: 1/1
   963 | D:2      | Reached XP level 3. HP: 20/33 MP: 2/2
  1185 | D:2      | Found a runed translucent door.
  1186 | D:2      | Noticed Crazy Yiuf
  1192 | D:2      | Slain by Crazy Yiuf

Illustrated notes

Levels and vault maps discovered:
D:1:      dpeg_arrival_tiny_d, layout_basic
D:2:      layout_loops_cross, uniq_crazy_yiuf_cottage

Skill      XL: |  1  2 |
---------------+-------+-----
Armour         | 4 |  4.3
Fighting       | 4 |  4.1
Long Blades    | 3 |  3.1
Shields        | |  3.6

Action                   || total
-------------------------++-------
Melee: Long sword        ||    47
       Headbutt          ||     5
Armor: Scale mail        ||    19
Dodge: Dodged            ||    22
Block: Buckler           ||     7
